cohdb
Replays
Latest Replays
All Replays
Popular Replays
Top Player Replays
Match Explorer
How It Works
Community
CoH3 Stats
Reddit
Sign in to upload your games and track your stats! →
Sign in with Steam
Match 44514724
Unlisted
Match 44514724
Overview
Messages
Build Orders
End
250 Light Carrier
Panzerpioneer Squad
Selects Armored Support Battlegroup
250 Light Carrier
250 Light Carrier
Construct Light Support Kompanie
Combat Half-tracks
Selects Veteran Gunners
MG34 Team
MG34 Team
Construct Mechanized Kompanie
Support Armor Elements
Selects Salvage Kits
StuG III D Assault Gun
Emergency Repair Kits
Assault Grenadier Squad
Assault Grenadier Squad
Construct Panzerarmee Kommand
2.5-tonne Medical Truck
Selects Panzer Storm
Pak 38 Anti-tank Gun Team
Selects Panzer Storm
Selects Stuka Dive Bomb
Flak 36 Anti-tank Gun Team
Stuka Dive Bomb
Panzer III L Medium Tank
Rapid Advance
Stuka Dive Bomb
Panzer III L Medium Tank
2.5-tonne Medical Truck
Panzer Storm
Stuka Dive Bomb
Selects Flammpanzer III Medium Tank
Panzer III L Medium Tank
Advanced Optics
Tungsten Core Ammunition
Selects Command Panzer IV F Medium Tank
Selects Command Panzer IV F Medium Tank
Stuka Dive Bomb
Command Panzer IV F Medium Tank
Man in search of truth
ブリツア
Vazack
DrewP
Dillbro
Truax
0
0
Comments
sign in to comment!
No comments posted yet!